 Dungeon Crawl Stone Soup version 0.28.0-1-gb440e238dd (webtiles) character file.

Game seed: 16382613064072534266

81 Zeldest the Magician (level 4, -1/41 HPs)
             Began as a Troll Hedge Wizard on Feb 21, 2022.
             Slain by Grinder (5 damage)
             ... while paralysed by Grinder
             ... on level 3 of the Dungeon.
             The game lasted 00:03:39 (731 turns).

Zeldest the Magician (Troll Hedge Wizard)            Turns: 731, Time: 00:03:40

Health: -1/41      AC:  4    Str: 18    XL:     4   Next: 20%
Magic:  6/6        EV:  1    Int: 12    God:
Gold:   19         SH:  0    Dex:  9    Spells: 6/7 levels left

rFire   . . .      SeeInvis .     - Unarmed
rCold   . . .      Faith    .   (no shield)
rNeg    . . .      Spirit   .   b - +0 robe
rPois   .          Reflect  .   c - +0 hat
rElec   .          Harm     .   (no cloak)
rCorr   .          Rampage  .   (gloves unavailable)
Will    .....                   (boots unavailable)
Stlth   +.........              (no amulet)
HPRegen 0.93/turn               (no ring)
MPRegen 0.10/turn               (no ring)

@: paralysed
A: large, unfitting armour, claws 3, regeneration 1, shaggy fur 1, tough skin 1
a: no special abilities


You were on level 3 of the Dungeon.
You visited 1 branch of the dungeon, and saw 3 of its levels.

You collected 19 gold pieces.

Inventory:

Armour
 b - a +0 robe (worn)
 c - a +0 hat (worn)
Scrolls
 d - a scroll of identify {unknown}
 e - a scroll of magic mapping {unknown}
 f - a scroll of torment {unknown}
Potions
 a - a potion of might {unknown}


   Skills:
 + Level 1.0 Fighting
 - Level 1.5 Dodging
 - Level 1.0 Stealth
 * Level 2.1 Unarmed Combat
 + Level 2.2 Spellcasting
 - Level 0.6 Conjurations
 - Level 0.6 Summonings
 - Level 0.6 Translocations
 + Level 0.9 Transmutations
 + Level 1.1 Earth Magic


You had 6 spell levels left.
You knew the following spells:

 Your Spells              Type           Power      Damage    Failure   Level
a - Magic Dart            Conj           8%         1d3       22%         1

Your spell library contained the following spells:

 Spells                   Type           Power      Damage    Failure   Level
 Slow                     Hex            4%         N/A       26%         1
 Blink                    Tloc           4%         N/A       32%         2
 Call Imp                 Summ           2%         N/A       32%         2
 Conjure Flame            Conj/Fire      2%         6-21      56%         3
 Mephitic Cloud           Conj/Pois/Air  1%         N/A       58%         3


Dungeon Overview and Level Annotations

Branches:
Dungeon (3/15)

Altars:
Zin

Annotations:
D:3 Grinder


Innate Abilities, Weirdness & Mutations

You are too large for most types of armour.
You have claws for hands.
Your natural rate of healing is unusually fast.
You are covered in fur. (AC +1)
You have tough skin. (AC +1)


Message History

The jackal closely misses you.
The jackal bites you but does no damage.
You scratch the jackal.
You kill the jackal!
The jackal bites you but does no damage.
The jackal barely misses you. The jackal bites you.
You see here a jackal corpse.
You claw the jackal!
You kill the jackal!
You see here a +0 whip.
Found a glowing silver altar of Zin.
Found an escape hatch in the floor.
Found a stone staircase leading down.
There is a glowing silver altar of Zin here.
Found 21 bolts.
There is a stone staircase leading down here.
You climb downwards.
Grinder shouts!
Grinder gestures at you. You resist with significant effort.
Found a quarterstaff.
There is a stone staircase leading up here.
Okay, then.
You scratch Grinder but do no damage. Grinder gestures at you.
You suddenly lose the ability to move!
The rat bites you but does no damage. Grinder hits you.
You writhe in agony.
The rat bites you but does no damage. Grinder hits you!
You writhe in agony.
The rat bites you but does no damage. Grinder hits you. The rat bites you.
Grinder hits you but does no damage. The rat bites you but does no damage.
Grinder hits you. The rat bites you but does no damage. Grinder hits you!
You writhe in agony.
* * * LOW HITPOINT WARNING * * *
The rat bites you.
* * * LOW HITPOINT WARNING * * *
Grinder hits you!
* * * LOW HITPOINT WARNING * * *
You writhe in agony.
You die...

### #..
#.# #
#)##..#
#@r...#
#5....#
#######


You could see Grinder and a rat.

Vanquished Creatures
  3 adders (D:2)
  A ball python (D:1)
  2 bats
  6 endoplasms
  2 giant cockroaches (D:1)
  A goblin (D:1)
  2 hobgoblins (D:1)
  19 jackals
  2 frilled lizards
  5 kobolds
  3 rats
46 creatures vanquished.

Notes
Turn   | Place    | Note
-------+----------+-------------------------------------------
     0 | D:1      | Zeldest the Troll Hedge Wizard began the quest for the Orb.
     0 | D:1      | Reached XP level 1. HP: 16/16 MP: 2/2
   124 | D:1      | Reached XP level 2. HP: 21/24 MP: 4/4
   131 | D:1      | Reached skill level 1 in Unarmed Combat
   260 | D:1      | Reached XP level 3. HP: 29/32 MP: 5/5
   430 | D:2      | Reached skill level 1 in Earth Magic
   474 | D:2      | Reached skill level 1 in Fighting
   474 | D:2      | Reached XP level 4. HP: 29/41 MP: 6/6
   711 | D:2      | Found a glowing silver altar of Zin.
   723 | D:3      | Noticed Grinder
   724 | D:3      | Paralysed by Grinder for 7 turns
   731 | D:3      | Slain by Grinder

Illustrated notes

Levels and vault maps discovered:
D:1:      minmay_arrival_widening_spiral_wide, layout_rooms, serial_shops,
          nicolae_shop_statue_plus
D:2:      layout_loops_ring, basic_altar
D:3:      layout_basic, grunt_temple_overflow_open, minmay_misc_feat_diagonals,
          uniq_grinder

Skill      XL: |  1  2  3 |
---------------+----------+-----
Unarmed Combat | 1 2 |  2.1
Earth Magic    | 1 |  1.1
Fighting       | 1 |  1.0
Dodging        | |  1.5
Stealth        | |  1.0
Spellcasting   | |  2.2
Conjurations   | |  0.6
Summonings     | |  0.6
Translocations | |  0.6
Transmutations | |  0.9

Action                   |  1- 3 |  4- 6 || total
-------------------------+-------+-------++-------
Melee: Unarmed           |   100 |    26 ||   126
       Punch             |     1 |       ||     1
 Stab: Sleeping          |     1 |     1 ||     2
Armor: Robe              |    47 |    28 ||    75
Dodge: Dodged            |    37 |    22 ||    59
